AoeStats
← E-d-d-i-e91G

Black Forest

509203929Analyzed
2v2 RM · 8d ago on Sep 25, 2026· 59m 54s· 4 players
Game mode
Random Map
Map size
Medium (4 player)
Population
200
Speed
Normal
Resources
Standard
Victory
Conquest
Starting age
Dark Age
Ending age
Imperial Age
RankedLock teamsTeams togetherTeam positionsShared explorationLock speedFull tech treeHidden civsTurbo modeCheats
Victory
Defeat
🇫🇷 Japanese · France
581
+7
🇺🇸 Chinese · United States
506
+10
🇦🇺 Wu · Australia
376
-9
🇪🇸 Inca · Spain
347
-8
E-d-d-i-e91G
2:13 Loom
14:11 Feudal Age
16:03 Double-Bit Axe
17:08 Wheelbarrow
19:23 Arson
20:57 Gold Mining
21:00 Town Watch
23:45 Scale Mail Armor
23:38 Fletching
28:35 Castle Age
26:53 Stone Mining
30:32 Horse Collar
31:07 Bow Saw
32:26 Squires
32:36 Heavy Plow
33:21 Stone Shaft Mining
33:28 Gold Shaft Mining
35:00 Chain Mail Armor
34:42 Bodkin Arrow
35:00 Forging
35:03 Padded Archer Armor
36:04 Hand Cart
43:40 Leather Archer Armor
44:02 Iron Casting
43:47 Town Patrol
49:11 Imperial Age
51:12 Sitting Tiger
50:38 Elite Fire Archer
52:14 Man-at-Arms
53:49 Plate Mail Armor
55:03 Two-Man Saw
RaGnAr
12:44 Feudal Age
24:46 Castle Age
32:04 Horse Collar
32:13 Double-Bit Axe
37:12 Imperial Age
40:13 Chemistry
39:51 Stone Mining
39:58 Gold Mining
42:35 Heavy Plow
42:50 Bow Saw
42:20 Elite Skirmisher
46:15 Elite Kamayuk
48:05 Heavy Scorpion
52:01 Onager
alexisguedon
10:56 Feudal Age
13:47 Double-Bit Axe
13:49 Horse Collar
16:19 Man-at-Arms
18:03 Loom
18:54 Wheelbarrow
18:05 Town Watch
22:28 Castle Age
22:17 Stone Mining
22:18 Gold Mining
22:46 Forging
22:38 Scale Mail Armor
25:19 Iron Casting
24:59 Chain Mail Armor
25:38 Gold Shaft Mining
25:21 Bow Saw
25:10 Long Swordsman
25:53 Squires
28:38 Gambesons
28:40 Arson
28:25 Elite Skirmisher
32:04 Pikeman
36:56 Hand Cart
39:12 Imperial Age
36:43 Town Patrol
37:01 Hand Cart
37:36 Ballistics
37:14 Murder Holes
41:05 Blast Furnace
41:28 Chemistry
40:06 Two-Handed Swordsman
42:42 Two-Man Saw
41:49 Caravan
41:53 Halberdier
43:46 Plate Mail Armor
43:08 Fletching
43:18 Padded Archer Armor
43:22 Onager
44:21 Arrowslits
44:27 Guard Tower
44:49 Masonry
44:45 Siege Engineers
44:51 Fortified Wall
44:22 Treadmill Crane
44:13 Champion
47:53 Bodkin Arrow
48:13 Leather Archer Armor
49:22 Yasama
50:00 Hoardings
59:18 Keep
58:56 Scale Barding Armor
59:21 Ring Archer Armor
58:52 Bracer
58:15 Crossbowman
59:01 Thumb Ring
58:17 Heavy Cavalry Archer
59:22 Parthian Tactics
58:20 Elite Samurai
59:21 Kataparuto
59:21 Conscription
58:27 Capped Ram
58:28 Heavy Scorpion
67676767676767676767676767676767
0:30 Loom
16:37 Feudal Age
18:12 Double-Bit Axe
22:20 Castle Age
22:33 Wheelbarrow
23:23 Bow Saw
26:27 Hand Cart
26:54 Horse Collar
32:47 Heavy Plow
38:51 Imperial Age
39:44 Coinage
40:38 Two-Man Saw
40:13 Stone Mining
40:13 Gold Mining
41:49 Stone Shaft Mining
41:49 Gold Shaft Mining
41:02 Town Watch
42:10 Banking
43:01 Town Patrol
43:45 Heavy Rocket Cart
43:46 Capped Ram
44:29 Great Wall
44:50 Conscription
44:54 Rocketry
44:35 Great Wall
44:51 Fortified Wall
45:01 Ballistics
45:42 Chemistry
44:52 Masonry
44:38 Murder Holes
45:10 Fletching
45:21 Padded Archer Armor
45:31 Forging
45:22 Scale Mail Armor
45:25 Squires
45:10 Arson
44:46 Pikeman
44:46 Man-at-Arms
45:40 Halberdier
45:58 Long Swordsman
47:13 Architecture
46:40 Bodkin Arrow
47:01 Leather Archer Armor
47:22 Iron Casting
47:03 Chain Mail Armor
47:14 Thumb Ring
47:16 Great Wall
46:37 Elite Chu Ko Nu
47:15 Two-Handed Swordsman
48:20 Bracer
48:51 Ring Archer Armor
47:57 Siege Ram
48:00 Champion
52:18 Blast Furnace
51:48 Plate Mail Armor
Connection lost

Rejoining the realm…

Still unreachable

The connection could not be restored.

Session expired

The server has moved on; the page needs a fresh start.